 Dungeon Crawl Stone Soup version 0.28-b1-1-g3c77fb2ed1 (webtiles) character file.

Game seed: 6830311270181441666

67 croobank the Vexing (level 4, -2/32 HPs)
             Began as a Formicid Arcane Marksman on Jan 30, 2022.
             Slain by Terence (5 damage)
             ... on level 2 of the Dungeon.
             The game lasted 00:12:10 (2143 turns).

croobank the Vexing (Formicid Arcane Marksman)      Turns: 2143, Time: 00:12:11

Health: -2/32      AC:  2    Str: 14    XL:     4   Next: 38%
Magic:  6/6        EV: 12    Int: 15    God:
Gold:   27         SH:  0    Dex: 11    Spells: 4/6 levels left

rFire   . . .      SeeInvis +   a - +0 mace (holy)
rCold   . . .      Faith    .   (no shield)
rNeg    . . .      Spirit   .   d - +0 robe
rPois   .          Reflect  .   (helmet unavailable)
rElec   .          Harm     .   (no cloak)
rCorr   .          Rampage  .   (no gloves)
Will    .....                   (no boots)
Stlth   +.........              (no amulet)
HPRegen 0.10/turn               (no ring)
MPRegen 0.10/turn               (no ring)

@: no status effects
A: permanent stasis, dig shafts and tunnels, antennae 3, four strong arms
a: Dig, Shaft Self


You were on level 2 of the Dungeon.
You visited 1 branch of the dungeon, and saw 2 of its levels.

You collected 27 gold pieces.

Inventory:

Hand Weapons
 a - a +0 mace of holy wrath (weapon)
 b - a +0 hunting sling
Missiles
 f - 64 stones (quivered)
 i - 21 bolts
 m - 25 arrows
Armour
 d - a +0 robe (worn)
 j - a +0 ring mail
Magical Staves
 h - a staff of poison
 l - a staff of death
Wands
 n - a wand of acid (8)
Scrolls
 e - a scroll of noise {unknown}
 g - a scroll of identify {unknown}
Potions
 k - a potion of degeneration {unknown}
 o - a potion of curing {unknown}


   Skills:
 + Level 1.4 Fighting
 * Level 0.2(0.3) Maces & Flails
 - Level 0.2(0.3) Staves
 + Level 3.2 Slings
 + Level 2.1 Dodging
 + Level 1.5 Spellcasting
 + Level 4.2 Hexes
 * Level 0.8 Ice Magic


You had 4 spell levels left.
You knew the following spells:

 Your Spells              Type           Power      Damage    Failure   Level
a - Slow                  Hex            52%        N/A       4%          1
b - Freeze                Ice            12%        1d4       17%         1

Your spell library contained the following spells:

 Spells                   Type           Power      Damage    Failure   Level
 Inner Flame              Hex/Fire       7%         N/A       30%         3
 Portal Projectile        Hex/Tloc       14%        N/A       30%         3
 Cause Fear               Hex            6%         N/A       38%         4


Dungeon Overview and Level Annotations

Branches:
Dungeon (2/15)

Altars:

Annotations:
D:2 Terence


Innate Abilities, Weirdness & Mutations

You cannot be hasted, slowed, berserked, paralysed or teleported.
You can dig through walls and to a lower floor.
You have a pair of large antennae on your head. (SInv)
Your four strong arms can wield two-handed weapons with a shield.


Message History

Casting: Slow (safe; 4% risk of failure)
Confirm with . or Enter, or press ? or * to list all spells.
Aiming: Freeze (safe; 17% risk of failure)
Press: ? - help, Shift-Dir - straight line, f/p - Terence
Aim: Terence, wielding a +4 falchion of holy wrath and wearing a +0 scale mail (severely wounded, slow)
You freeze Terence.
Terence is severely wounded.
Fire: 65 stones
Press: ? - help, Q - select action, (/) - cycle Shift-Dir - straight line, f/p - Terence
Aim: Terence, wielding a +4 falchion of holy wrath and wearing a +0 scale mail (severely wounded, slow, 60% to hit)
You shoot a stone. The stone closely misses Terence.
A rat comes into view.
Terence barely misses you.
Your +0 mace of holy wrath softly glows with a divine radiance!
a - a +0 mace of holy wrath (weapon)
You hit Terence.
Terence is severely wounded.
Terence hits you with a +4 falchion of holy wrath!
You hit Terence.
Terence is almost dead.
You barely miss Terence.
Terence is almost dead.
Terence hits you with a +4 falchion of holy wrath!
You closely miss Terence.
Terence is almost dead.
Terence misses you.
Unknown command.
You barely miss Terence.
Terence is almost dead.
Terence is no longer moving slowly.
Terence hits you with a +4 falchion of holy wrath.
You closely miss Terence.
Terence is almost dead.
Terence closely misses you.
You hit Terence but do no damage.
Terence is almost dead.
Terence hits you with a +4 falchion of holy wrath!
* * * LOW HITPOINT WARNING * * *
Terence hits you with a +4 falchion of holy wrath.
You die...

#.###...#..###.
#..............
########.#....###.
#......<..........
#.#.#..........### ####
#.#.#......#...### ....
#...+......'.>...'
.###..###...#......###.###
r.(((...@@.........# #.# #
.(....###..........# #.# #
............#......# #.# #
......###...#......# #.# #
### #...#......# #.#
#...#......# #.#
#...####+### ....# .##..#


You could see Terence.

Vanquished Creatures
  An adder (D:2)
  A dart slug (D:1)
  5 endoplasms
  A giant cockroach (D:1)
  5 goblins
  8 hobgoblins
  6 jackals
  A quokka (D:1)
  9 ball pythons
  9 frilled lizards
  A kobold (D:2)
  4 rats (D:1)
51 creatures vanquished.

Vanquished Creatures (others)
  4 plants (D:2)
4 creatures vanquished.

Grand Total: 55 creatures vanquished

Notes
Turn   | Place    | Note
-------+----------+-------------------------------------------
     0 | D:1      | croobank the Formicid Arcane Marksman began the quest for
                  | the Orb.
     0 | D:1      | Reached XP level 1. HP: 15/15 MP: 2/2
   248 | D:1      | Found a faded altar of an unknown god.
   380 | D:1      | Got Plato's Incunabulum of the Glacier
   391 | D:1      | Reached skill level 4 in Hexes
   423 | D:1      | Learned a level 1 spell: Freeze
   435 | D:1      | Reached XP level 2. HP: 21/21 MP: 3/3
   873 | D:1      | Reached XP level 3. HP: 26/26 MP: 4/4
  1462 | D:2      | Reached XP level 4. HP: 21/32 MP: 4/6
  2123 | D:2      | Noticed Terence
  2143 | D:2      | Slain by Terence

Illustrated notes

Levels and vault maps discovered:
D:1:      heliophobic_arrival_henge, layout_loops_corners,
          shapermc_ecumenical_altar_rom_forum, grunt_decor_arrowhead,
          chequers_serial_rivers_small_b, minmay_shallow_snake_nest
D:2:      minmay_spotlight, layout_basic, minmay_misc_feat_encased,
          minmay_lizard_king, uniq_terence

Skill      XL: |  1  2  3 |
---------------+----------+-----
Hexes          | 4 |  4.2
Slings         | 3 |  3.2
Dodging        | 2 |  2.1
Fighting       | |  1.4
Maces & Flails | |  0.2
Staves         | |  0.2
Spellcasting   | |  1.5
Ice Magic      | |  0.8

Action                   |  1- 3 |  4- 6 || total
-------------------------+-------+-------++-------
Melee: Staff             |    62 |    41 ||   103
       Punch             |     2 |     2 ||     4
       Mace              |       |    10 ||    10
 Fire: Hunting sling     |    58 |    26 ||    84
Throw: Stone             |     5 |       ||     5
 Cast: Slow              |    13 |    11 ||    24
       Freeze            |       |     1 ||     1
 Stab: Sleeping          |       |     1 ||     1
Armor: Robe              |     9 |     5 ||    14
Dodge: Dodged            |    55 |    33 ||    88
